 Dungeon Crawl Stone Soup version 0.21-a0-128-gf2b353c (webtiles) character file.

27 namelastname112 the Magician (level 2, 0/23 HPs)
             Began as a Draconian Wanderer on July 16, 2017.
             Slain by an adder (2 damage)
             ... on level 2 of the Dungeon.
             The game lasted 00:02:36 (898 turns).

namelastname112 the Magician (Draconian Wanderer)    Turns: 898, Time: 00:02:37

Health: 0/23       AC:  4    Str: 12 (15) XL:     2   Next: 93%
Magic:  0/5        EV: 11    Int: 12 (13) God:
Gold:   59         SH:  0    Dex:  6 (8)  Spells: 2/5 levels left

rFire    . . .     SeeInvis .   n - -2 whip (curse)
rCold    . . .     Gourm    +   (no shield)
rNeg     . . .     Faith    .   (armour unavailable)
rPois    .         Spirit   .   (helmet restricted)
rElec    .         Reflect  .   (no cloak)
rCorr    .         Harm     .   (no gloves)
MR       .....                  (no boots)
Stlth    +.........             j - amulet of the gourmand
HPRegen  0.07/turn              e - ring of wizardry
MPRegen  0.09/turn              (no ring)

@: lethally poisoned (0 -> -24)
A: unfitting armour, cold-blooded, AC +4
a: no special abilities


You were on level 2 of the Dungeon.
You were very hungry.

You visited 1 branch of the dungeon, and saw 2 of its levels.

You collected 59 gold pieces.

Inventory:

Hand Weapons
 g - a +0 short sword
 n - a cursed -2 whip (weapon)
Jewellery
 e - a ring of wizardry (left hand)
 j - an amulet of the gourmand (around neck)
 l - a cursed ring of wizardry
Scrolls
 b - a scroll of teleportation
 i - 2 scrolls of immolation
Potions
 h - a potion of resistance {unknown}
 k - 2 potions of degeneration
Books
 a - a book of Minor Magic

   Spells                             Type                      Level
   a - Magic Dart                     Conjuration                  1
   b - Blink                          Translocation                2
   c - Call Imp                       Summoning                    2
   d - Slow                           Hexes                        2
   e - Conjure Flame                  Conjuration/Fire             3
   f - Mephitic Cloud                 Conjuration/Poison/Air       3
 c - the Incunabulum of Flight

   Spells                             Type                      Level
   a - Shock                          Conjuration/Air              1
   b - Static Discharge               Conjuration/Air              3
Comestibles
 d - a royal jelly
 f - a bread ration


   Skills:
 - Level 1.1 Fighting
   Level 2.0 Long Blades
 - Level 1.7 Throwing
 + Level 2.2 Spellcasting
 + Level 1.3 Conjurations
 - Level 2.0 Translocations
   Level 2.0 Air Magic


You had 2 spell levels left.
You knew the following spells:

 Your Spells              Type           Power        Failure   Level  Hunger
a - Blink                 Tloc           N/A          8%          2    ###....
z - Magic Dart            Conj           #...         6%          1    ##.....


Dungeon Overview and Level Annotations

Branches:
Dungeon (2/15)

Altars:


Innate Abilities, Weirdness & Mutations

Your plain brown scales are hard. (AC +4)
You cannot fit into any form of body armour.
You are cold-blooded and may be slowed by cold attacks.


Message History

The adder poisons you!
You take 3 damage, and have 12/23 hp.
You barely miss the adder.
The adder is heavily wounded.
You feel sick. The adder bites you.
You are more poisoned.
The adder poisons you!
You take 2 damage, and have 10/23 hp.
You closely miss the adder.
The adder is heavily wounded.
You feel sick. The adder bites you.
* * * LOW HITPOINT WARNING * * *
You take 4 damage, and have 6/23 hp.
You barely miss the adder.
The adder is heavily wounded.
* * * LOW HITPOINT WARNING * * *
You feel sick. The adder bites you.
* * * LOW HITPOINT WARNING * * *
The adder bites you.
You die...

#.#.......#.#
#.#.#.###.#.# .#
#.#.#...#.#.# %#
#.#.###.#.#.# .#
#.#.###.#.#.# .#
#.#.....#.#.# .#
#.#######.#.# .#
#.........#.##.#
#########.#.@S.#
#.####.# ### ##


You could see an adder.

Vanquished Creatures
  An ooze (D:1)
  A leopard gecko (D:2)
  3 bats
  4 goblins (D:1)
  4 hobgoblins (D:1)
  2 kobolds (D:1)
  2 frilled lizards (D:1)
  4 rats (D:1)
21 creatures vanquished.

Notes
Turn   | Place    | Note
-------+----------+-------------------------------------------
     0 | D:1      | namelastname112 the Draconian Wanderer began the quest for the Orb.
     0 | D:1      | namelastname112 set off with: a book of Minor Magic, a scroll of teleportation, the Incunabulum of Flight, a +0 club, a bread ration
     0 | D:1      | Reached XP level 1. HP: 16/16 MP: 2/2
     0 | D:1      | Identified the Incunabulum of Flight
     2 | D:1      | Learned a level 1 spell: Magic Dart
   198 | D:1      | Reached skill level 1 in Conjurations
   222 | D:1      | Reached XP level 2. HP: 17/23 MP: 1/4
   800 | D:1      | Learned a level 2 spell: Blink
   898 | D:2      | Slain by an adder

Vault maps used:
D:1:      roderic_dead_forest
D:2:      first_bread

Skill      XL: |  1  2 |
---------------+-------+-----
Conjurations   | 1 |  1.3
Spellcasting   | 2 |  2.2
Fighting       | |  1.1
Long Blades    | |  2.0
Throwing       | |  1.7
Translocations | |  2.0
Air Magic      | |  2.0

Action                   || total
-------------------------++-------
Melee: Short sword       ||    29
       Club              ||     6
       Tailslap          ||     6
       Whip              ||    31
 Cast: Magic Dart        ||    38
  Use: Potion            ||     2
       Scroll            ||     1
Armor: Skin              ||    26
Dodge: Dodged            ||    47
